 Dungeon Crawl Stone Soup version 0.32-a0-132-g2d33c3cfaf (webtiles) character file.

Game seed: 3340324770310456454

7 Bravepunisher the Ducker (level 1, -2/11 HPs)
             Began as a Spriggan Monk on Feb 9, 2024.
             Slain by a water moccasin (8 damage)
             ... on level 5 of the Dungeon.
             The game lasted 00:02:32 (509 turns).

Bravepunisher the Ducker (Spriggan Monk)             Turns: 509, Time: 00:02:32

Health: -2/11      AC:  2    Str:  7    XL:     1   Next: 83%
Magic:  2/2        EV: 19    Int: 11    God:
Gold:   66         SH:  0    Dex: 17    Spells: 0/0 levels left

rFire   . . .        a - +0 short sword
rCold   . . .        (no shield)
rNeg    . . .        b - +0 robe
rPois   .            (helmet restricted)
rElec   .            (no cloak)
rCorr   .            (gloves unavailable)
SInv    +            (boots unavailable)
Will    .....        (no amulet)
Stlth   ++           (no ring)
HPRegen 0.21/turn    (no ring)
MPRegen 0.08/turn

%: no passive effects
@: very quick
A: very small, no large weapons, unfitting armour, see invisible, speed 3
a: no special abilities


You were on level 5 of the Dungeon.
You visited 1 branch of the dungeon, and saw 5 of its levels.

You collected 66 gold pieces.

Inventory:

Hand Weapons
 a - a +0 short sword (weapon)
Armour
 b - a +0 robe (worn)
Potions
 c - a potion of ambrosia
 e - a potion of haste {unknown}
 f - a potion of enlightenment {unknown}
 g - a potion of curing {unknown}


   Skills:
 + Level 2.5 Fighting
 - Level 3.2 Short Blades
 * Level 4.4 Dodging


You couldn't memorise any spells.
You didn't know any spells.
Your spell library was empty.

Dungeon Overview and Level Annotations

Branches:
Dungeon (5/15)
 Temple: D:4-7

Altars:

Portals:
Ossuary: D:5


Innate Abilities, Weirdness & Mutations

You are very small and have problems with some larger weapons.
You are too small for most types of armour.
You have supernaturally acute eyesight. (SInv)
You cover ground extremely quickly. (Speed+++)


Message History

A gnoll opens the door.
It is wielding a +0 spear.
You open the door.
There is an open door here.
A sleepcap comes into view.
An ufetubus comes into view.
The ufetubus shouts!
An ufetubus comes into view.
The sleepcap closely misses you. The ufetubus completely misses you.
The ufetubus hits you.
You open the door.
The ufetubus shouts!
The ufetubus hits you but does no damage.
The ufetubus barely misses you. The hound completely misses you.
The ufetubus barely misses you. The ufetubus completely misses you.
Found a ring mail.
There is an open door here.
Blink to where?
Press: ? - help, Dir - move target, f - you Blink to where?
Press: ? - help, Dir - move target
As you read the scroll labelled IPSAGA FAIMEG, it crumbles to dust.
It was a scroll of blinking.
The ufetubus misses you. x2
The ufetubus slips past you! The ufetubus barely misses you. x2
The ufetubus slips past you! The ufetubus hits you.
The ufetubus closely misses you. x2; The ufetubus completely misses you.
The ufetubus attacks as it pursues you! The ufetubus misses you.
The ufetubus closely misses you. The adder attacks as it pursues you!
The adder barely misses you. The ufetubus attacks as it pursues you!
The ufetubus completely misses you. The ufetubus barely misses you.
You open the door. The ufetubus slips past you!
The ufetubus closely misses you. The ufetubus hits you.
Unknown command.
A water moccasin comes into view.
You hear the slow hiss of a very distant avalanche of sand.
The ufetubus completely misses you. x2
The water moccasin hisses angrily.
The water moccasin bites you!
Ouch! That really hurt!
You die...

......#.....#......#
.....
......#.....#......#
....
#...[##.....###...##
###
#########+#####..h##
#.....# #.5S5.#
#.....# #.....
#..S..# #.....
#..@..# #....# ##+#
##.##.# #....##....
#. ### +..........
.. #.......... ...
#.......... ....
#..<.# ##...
#....###. #...
..........


You could see a water moccasin, a hound, an adder and 2 ufetubi.

Vanquished Creatures
  2 endoplasms
  A goblin (D:1)
  A frilled lizard (D:1)
  2 kobolds (D:1)
  A rat (D:1)
7 creatures vanquished.

Notes
Turn   | Place    | Note
-------+----------+-------------------------------------------
     0 | D:1      | Bravepunisher the Spriggan Monk began the quest for the
                  | Orb.
     0 | D:1      | Reached XP level 1. HP: 11/11 MP: 2/2
   173 | D:3      | Noticed an orc priest
   194 | D:4      | Noticed a bombardier beetle
   205 | D:5      | Entered Level 5 of the Dungeon
   226 | D:5      | Noticed an ogre
   273 | D:5      | Found a sand-covered staircase.
   361 | D:5      | Noticed a hound
   470 | D:5      | Noticed a sleepcap
   500 | D:5      | Noticed a water moccasin
   509 | D:5      | Slain by a water moccasin

Illustrated notes

Levels and vault maps discovered:
D:1:      saegor_arrival_simple_c, layout_rooms, serial_bayou_pond_c,
          serial_park_tiny_1, st_stairs_5
D:2:      layout_loops_corners, kennysheep_cross_bottleneck
D:3:      layout_basic, shapermc_ecumenical_altar_ellora,
          hangedman_decor_clover_reticule, guppyfry_early_lair_pool
D:4:      layout_cave_pools
D:5:      layout_gridville, mainiacjoe_overflow_boulevard,
          nicolae_ossuary_entry_ruins, uniq_sigmund

Action                     || total
---------------------------++-------
  Melee: Short sword       ||    18
    Use: Scroll            ||     1
   Stab: Sleeping          ||     1
 Armour: Robe              ||    16
  Dodge: Dodged            ||    53

Table legend: (Time is in decaauts)
 A = Elapsed time spent in this place.
 B = Non-inter-level travel time spent in this place.
 C = Inter-level travel time spent in this place.
 D = Time resting spent in this place.
 E = Time spent auto-exploring this place.
 F = Levels seen in this place.
 G = Mean time per level.
                   A        B        C        D        E       F      G
               +--------+--------+--------+--------+--------+-----+--------+
         Total |    337 |    337 |      0 |     12 |     87 |   5 |   67.4 |
       Dungeon |    337 |    337 |      0 |     12 |     87 |   5 |   67.4 |
               +--------+--------+--------+--------+--------+-----+--------+

Top non-repeatable levels by time:
     D:5: 152 daAuts
     D:1: 96 daAuts
     D:4: 51 daAuts
     D:3: 34 daAuts
     D:2: 3 daAuts
